 Dungeon Crawl Stone Soup version 0.26.1-11-gd32895ea62 (webtiles) character file.

Game seed: 11496409205045875734

578 Zeld the Cudgeller (level 7, -1/45 HPs)
             Began as an Octopode Warper on May 16, 2021.
             Slain by an ufetubus (2 damage)
             ... on level 5 of the Dungeon.
             The game lasted 00:06:13 (8557 turns).

Zeld the Cudgeller (Octopode Warper)                Turns: 8557, Time: 00:06:13

Health: -1/45      AC:  1    Str: 12    XL:     7   Next: 36%
Magic:  12/12      EV: 13    Int: 15    God:
Gold:   207        SH:  0    Dex: 12    Spells: 13/13 levels left

rFire    . . .     SeeInvis .   a - +0 mace
rCold    . . .     Faith    .   (no shield)
rNeg     . . .     Spirit   .   (helmet restricted)
rPois    .         Reflect  .   (no amulet)
rElec    .         Harm     .   (no ring)
rCorr    .         Rampage  .   (no ring)
Will     .....                  (no ring)
Stlth    ++........             (no ring)
HPRegen  0.15/turn              (no ring)
MPRegen  0.13/turn              (no ring)
                                (no ring)
                                (no ring)

@: lethally poisoned (-1 -> -4)
A: almost no armour, stealthy swim, amphibious, 8 rings, constrict 8, camouflage
1, gelatinous body 1
a: no special abilities


You were on level 5 of the Dungeon.
You visited 2 branches of the dungeon, and saw 6 of its levels.

You collected 207 gold pieces.

Inventory:

Hand Weapons
 a - a +0 mace (weapon)
Missiles
 b - 5 boomerangs of dispersal (quivered)
Wands
 n - a wand of paralysis (7)
Scrolls
 c - 2 scrolls of blinking
 f - 7 scrolls of teleportation
 h - 3 scrolls of fear {unknown}
 i - 4 scrolls of remove curse {unknown}
 l - 3 scrolls of identify {unknown}
 o - a scroll of enchant weapon {unknown}
 q - a scroll of noise {unknown}
 r - 2 scrolls of brand weapon {unknown}
Potions
 d - 2 potions of haste {unknown}
 e - 3 potions of heal wounds {unknown}
 g - a potion of attraction {unknown}
 j - a potion of resistance {unknown}
 k - 2 potions of might {unknown}
 m - a potion of lignification {unknown}
 p - a potion of brilliance {unknown}


   Skills:
 - Level 2.0 Fighting
 * Level 5.7 Maces & Flails
 - Level 1.0 Throwing
 - Level 2.3 Dodging
 + Level 3.8 Spellcasting
 + Level 4.8 Translocations


You had 13 spell levels left.
You didn't know any spells.
Your spell library contained the following spells:

 Spells                   Type           Power        Failure   Level
 Blink                    Tloc           N/A          3%          2
 Gell's Gravitas          Tloc           8%           8%          3
 Lesser Beckoning         Tloc           8%           8%          3
 Teleport Other           Tloc           17%          8%          3
 Passage of Golubria      Tloc           N/A          24%         4


Dungeon Overview and Level Annotations

Branches:
Dungeon (5/15)             Temple (1/1) D:4

Altars:
Ashenzari
Cheibriados
Dithmenos
Elyvilon
Fedhas
Gozag
Hepliaklqana
Kikubaaqudgha
Nemelex Xobeh
Okawaru
Qazlal
Ru
Sif Muna
Trog
Vehumet
Wu Jian
Xom
Yredelemnul
Zin
The Shining One


Innate Abilities, Weirdness & Mutations

You cannot wear most types of armour.
You are very stealthy in the water. (Stealth+)
You are amphibious.
You can wear up to eight rings at the same time.
You can use your tentacles to constrict eight enemies at once.
Your skin changes colour to match your surroundings (Stealth+).
Your rubbery body absorbs attacks. (AC +1, EV +1)


Message History

You are too injured to fight recklessly!
You are too injured to fight recklessly!
You are too injured to fight recklessly!
You release your grip on the worker ant.
You feel sick. The ufetubus misses you. The ufetubus barely misses you.
The frilled lizard barely misses you. The ufetubus misses you.
The ufetubus barely misses you.
You feel sick. The ufetubus hits you.
* * * LOW HITPOINT WARNING * * *
The ufetubus closely misses you. The ufetubus barely misses you.
The ufetubus closely misses you. The worker ant bites you.
* * * LOW HITPOINT WARNING * * *
* * * LOW HITPOINT WARNING * * *
You feel sick. The ufetubus hits you.
* * * LOW HITPOINT WARNING * * *
The ufetubus closely misses you. The ufetubus barely misses you.
The ufetubus hits you.
You die...

#...............#...#
#..........####.#.#.##
#..........# #.#.....
###..........####.###.##
####>.....................(
#..........##############.#
#.......B.$##############.#
#........5l#........... #..
#.........@#.......#.####..
#..........................
#..........#.......###.##.#
#..........#.......)<#....#
#..........################
#..........# #...........
#######..


You could see a worker ant, an ufetubus and a frilled lizard.

Vanquished Creatures
  Eustachio (D:4)
  Blork the orc (D:4)
  A hound (D:4)
  An orc wizard (D:4)
  Jessica (D:3)
  A centaur skeleton (D:4)
  Natasha (thrice) (D:4)
  4 adders
  2 gnolls (D:1)
  An adder zombie (D:5)
  3 worms
  3 dart slugs
  3 leopard geckos
  10 orcs
  A ball python (D:2)
  2 giant cockroaches
  10 goblins
  9 hobgoblins
  7 jackals
  8 bats
  2 frilled lizards
  11 kobolds
  A leopard gecko skeleton (D:5)
  9 rats
95 creatures vanquished.

Vanquished Creatures (others)
  An orc wizard (D:4)
  4 toadstools (D:1)
5 creatures vanquished.

Grand Total: 100 creatures vanquished

Notes
Turn   | Place    | Note
-------+----------+-------------------------------------------
     0 | D:1      | Zeld the Octopode Warper began the quest for the Orb.
     0 | D:1      | Reached XP level 1. HP: 14/14 MP: 3/3
   415 | D:1      | Reached XP level 2. HP: 19/19 MP: 5/5
   844 | D:1      | Reached XP level 3. HP: 7/24 MP: 6/6
  1168 | D:1      | Reached skill level 3 in Maces & Flails
  1982 | D:2      | Reached XP level 4. HP: 18/29 MP: 7/7
  2182 | D:2      | Found a shimmering blue altar of Sif Muna.
  2961 | D:2      | Found a bloodstained altar of Trog.
  3758 | D:3      | Found a basalt altar of Yredelemnul.
  3863 | D:3      | Noticed Jessica
  3873 | D:3      | Killed Jessica
  3874 | D:3      | Reached XP level 5. HP: 33/34 MP: 9/9
  3998 | D:3      | Found a white marble altar of Elyvilon.
  4003 | D:3      | Found a sacrificial altar of Ru.
  4279 | D:3      | Reached skill level 4 in Maces & Flails
  4411 | D:3      | Found a hazy altar of Hepliaklqana.
  5000 | D:4      | Found a staircase to the Ecumenical Temple.
  6304 | Temple   | Entered the Ecumenical Temple
  6713 | D:4      | Reached XP level 6. HP: 20/39 MP: 10/10
  6902 | D:4      | Noticed Blork the orc
  6915 | D:4      | Killed Blork the orc
  7171 | D:4      | Reached skill level 5 in Maces & Flails
  7301 | D:4      | Noticed Eustachio
  7310 | D:4      | Killed Eustachio
  7311 | D:4      | Reached XP level 7. HP: 38/45 MP: 12/12
  7374 | D:4      | Noticed Natasha
  7380 | D:4      | Killed Natasha
  7494 | D:4      | Found a staircase to the Ecumenical Temple.
  7659 | D:4      | Noticed Natasha
  7669 | D:4      | Killed Natasha
  7937 | D:4      | Noticed Natasha
  7945 | D:4      | Killed Natasha
  8215 | D:5      | Entered Level 5 of the Dungeon
  8557 | D:5      | HP: 1/45 [ufetubus (2)]
  8557 | D:5      | Slain by an ufetubus

Illustrated notes

Levels and vault maps discovered:
D:1:      ldierk_water_garden, layout_basic
D:2:      cheibrodos_old_hovel, layout_basic, led_sif_pool, trog_book
D:3:      layout_loops_corners, nicolae_overflow_hidden_temple,
          nzn_hepliaklqana_mist_gate, minitemple, moated_statue,
          grunt_ministairs_9, serial_park_tiny_pond, uniq_jessica
D:4:      layout_loops_ring, minmay_temple_entry_slanted, uniq_blork_the_orc,
          uniq_natasha, uniq_eustachio
D:5:      layout_basic
Temple:   regret_index_temple_generic_petals

Skill      XL: |  1  2  3  4  5  6 |
---------------+-------------------+-----
Maces & Flails | 3 4 5 |  5.7
Spellcasting   | 3 |  3.8
Translocations | 4 |  4.8
Fighting       | |  2.0
Throwing       | |  1.0
Dodging        | |  2.3

Action                   |  1- 3 |  4- 6 |  7- 9 || total
-------------------------+-------+-------+-------++-------
Melee: Mace              |    71 |   146 |    32 ||   249
       Constrict         |    21 |    33 |     8 ||    62
       Tentacles         |     9 |    26 |     8 ||    43
  Use: Scroll            |       |     1 |       ||     1
 Stab: Sleeping          |     4 |    10 |       ||    14
Armor: Skin              |     9 |    17 |     3 ||    29
Dodge: Dodged            |    61 |   104 |    40 ||   205
